 Dungeon Crawl Stone Soup version 0.31.0-32-g396128a36d (webtiles) character file.

Game seed: 14184624358682824036

4 swapadeg the Caller (level 1, 0/15 HPs)
             Began as a Naga Summoner on Mar 28, 2024.
             Slain by a ball python (2 damage)
             ... on level 1 of the Dungeon.
             The game lasted 00:04:36 (245 turns).

swapadeg the Caller (Naga Summoner)                  Turns: 245, Time: 00:04:37

Health: 0/15       AC:  1    Str: 10    XL:     1   Next: 70%
Magic:  1/3        EV:  9    Int: 15    God:
Gold:   52         SH:  0    Dex: 11    Spells: 3/4 levels left

rFire   . . .        f - +0 dagger
rCold   . . .        (no shield)
rNeg    . . .        a - +0 robe
rPois   +            (no helmet)
rElec   .            (no cloak)
rCorr   .            (no gloves)
SInv    +            (no barding)
Will    +....        (no amulet)
Stlth   ++           (no ring)
HPRegen 0.22/turn    (no ring)
MPRegen 0.08/turn

%: no passive effects
@: enlightened, flying, very slow
A: AC +0, large, see invisible, deformed body, poison resistance, slowness 2,
spit poison 1, naga tail 1
a: Spit Poison


You were on level 1 of the Dungeon.
You visited 1 branch of the dungeon, and saw 1 of its levels.

You collected 52 gold pieces.

Inventory:

Hand Weapons
 f - a +0 dagger (weapon)
Armour
 a - a +0 robe (worn)
Scrolls
 c - a scroll of teleportation {unknown}
 e - a scroll of poison {unknown}
 g - a scroll of noise {unknown}
Potions
 b - a potion of magic


   Skills:
 + Level 0.2 Fighting
 + Level 1.6 Dodging
 + Level 3.1 Stealth
 + Level 2.0 Spellcasting
 + Level 4.1 Summonings


You had 3 spell levels left.
You knew the following spells:

 Your Spells              Type           Power      Damage    Failure   Level
a - Summon Small Mammal   Summ           52%        N/A       4%          1

Your spell library contained the following spells:

 Spells                   Type           Power      Damage    Failure   Level
 Call Imp                 Summ           26%        N/A       6%          2
 Call Canine Familiar     Summ           13%        N/A       12%         3
 Summon Blazeheart Golem  Fire/Summ      7%         N/A       67%         4
 Summon Lightning Spire   Summ/Air       7%         N/A       67%         4


Dungeon Overview and Level Annotations

Branches:
Dungeon (1/15)

Altars:


Innate Abilities, Weirdness & Mutations

Your serpentine skin is tough. (AC +0)
You have supernaturally acute eyesight. (SInv)
Armour fits poorly on your strangely shaped body.
Your system is resistant to poisons. (rPois)
You cover ground very slowly.
You can spit poison.
You have a snake-like lower body.


Message History

Casting: Summon Small Mammal (safe; 4% risk of failure)
Confirm with . or Enter, or press ? or * to list all spells.
Casting: Summon Small Mammal (safe; 4% risk of failure)
Confirm with . or Enter, or press ? or * to list all spells.
You swap places.
An endoplasm and a ball python come into view.
A rat comes into view.
The bat barely misses your bat.
Your bat barely misses the bat.
The bat closely misses your bat.
Your bat closely misses the bat.
The endoplasm freezes you.
You are frozen.
The endoplasm closely misses you.
The ball python hisses angrily.
Your bat barely misses the bat.
Your bat hits the bat but does no damage.
Your rat completely misses the bat.
Casting: Summon Small Mammal (safe; 4% risk of failure)
Confirm with . or Enter, or press ? or * to list all spells.
Your rat disappears in a puff of smoke!
The bat hits you but does no damage.
Your bat barely misses the bat.
The bat hits your bat.
Your bat closely misses the bat.
The endoplasm hits you.
Your bat barely misses the bat.
The bat hits your quokka. The bat barely misses your quokka.
The ball python bites you.
Your bat closely misses the bat.
You hit the ball python.
The ball python is moderately wounded.
Your quokka closely misses the bat.
The endoplasm hits you. The ball python barely misses you.
Your bat misses the bat.
Casting: Summon Small Mammal (safe; 4% risk of failure)
Confirm with . or Enter, or press ? or * to list all spells.
You don't have enough magic to cast this spell.
Your bat hits the bat but does no damage.
Your quokka misses the bat. The ball python bites you.
The endoplasm freezes you.
You are frozen.
* * * LOW HITPOINT WARNING * * *
Your bat barely misses the bat.
Your quokka barely misses the bat. x2
It was a potion of enlightenment.
You feel very buoyant.
You fly up into the air.
The ball python bites you.
You die...

# #.........# #
#.........# #
#.........#
#.........+
#...rb....######
##.#..##........
## #b.##.#......
####
...#SJ##.#######
...+
+..#@.##........
###
#.....########
+.....# #.....#
# #.....# ###
#.....# ..#
##### #.##.....#
#'####...#
#.##.....#
.....#.†.#
#.##.....#


You could see an endoplasm, a bat (ally target), a ball python, a friendly
quokka (summoned) and a friendly bat (summoned).

Vanquished Creatures
  An endoplasm (D:1)
  A ball python (D:1)
  A frilled lizard (D:1)
  A kobold (D:1)
4 creatures vanquished.

Vanquished Creatures (collateral kills)
  2 rats (D:1)
2 creatures vanquished.

Grand Total: 6 creatures vanquished

Notes
Turn   | Place    | Note
-------+----------+-------------------------------------------
     0 | D:1      | swapadeg the Naga Summoner began the quest for the Orb.
     0 | D:1      | Reached XP level 1. HP: 15/15 MP: 3/3
   245 | D:1      | Slain by a ball python

Illustrated notes

Levels and vault maps discovered:
D:1:      eino_arrival_tree_alley, layout_basic,
          ebering_ecumenical_altar_abandoned, minmay_tall_x

Action                     || total
---------------------------++-------
  Melee: Unarmed           ||    14
         Dagger            ||     1
         Punch             ||     1
   Cast: Summon Small Mamm ||     9
    Use: Potion            ||     1
   Stab: Sleeping          ||     2
 Armour: Robe              ||    12
  Dodge: Dodged            ||     7
